 Dungeon Crawl Stone Soup version 0.28.0-45-g0d030f2227 (webtiles) character file.

Game seed: 16341912271792906267

9070 issech the Carver (level 11, -6/94 HPs)
             Began as a Troll Monk on Apr 11, 2022.
             Was an Elder of Hepliaklqana.
             Mangled by a yak (11 damage)
             ... on level 9 of the Dungeon.
             The game lasted 00:38:00 (8578 turns).

issech the Carver (Troll Monk)                      Turns: 8578, Time: 00:38:00

Health: -6/94      AC:  6    Str: 21    XL:     11   Next: 18%
Magic:  0/19       EV: 14    Int:  6    God:    Hepliaklqana [****..]
Gold:   461        SH:  0    Dex: 22    Spells: 10/10 levels left

rFire   + . .      SeeInvis .   y - +9 falchion "Otuj" {elec, rF+ MP+9}
rCold   . . .      Faith    .   (no shield)
rNeg    + . .      Spirit   +   S - +2 robe {Will+}
rPois   .          Reflect  .   (helmet restricted)
rElec   .          Harm     .   (no cloak)
rCorr   .          Rampage  .   (gloves unavailable)
Will    +....                   (boots unavailable)
Stlth   +++.......              P - amulet of guardian spirit
HPRegen 1.05/turn               e - +6 ring of dexterity
MPRegen 0.16/turn               I - ring of positive energy

@: no status effects
A: reduced essence, large, unfitting armour, claws 3, regeneration 1, shaggy fur
1, tough skin 1
a: Renounce Religion, Recall Ancestor, Ancestor Identity, Transference, Idealise


You were on level 9 of the Dungeon.
You worshipped Hepliaklqana.
Hepliaklqana was greatly pleased with you.
You visited 2 branches of the dungeon, and saw 10 of its levels.

You collected 461 gold pieces.

Inventory:

Hand Weapons
 s - a +2 vampiric dagger
 v - a +2 rapier of draining
 y - the +9 falchion "Otuj" (weapon) {elec, rF+ MP+9}
   (You found it on level 4 of the Dungeon)

   It occasionally discharges a powerful burst of electricity upon striking a
   foe.
   rF:        It protects you from fire.
   MP:        It affects your magic capacity (+9).
 A - a +1 mace of holy wrath
 N - a +1 whip of freezing
 R - a +0 giant spiked club
 W - the +1 falchion of Zitian {vorpal, rN++ MP+9 Stlth+}
   (You found it on level 7 of the Dungeon)

   It inflicts extra damage upon your enemies.
   rN:        It greatly protects you from negative energy.
   MP:        It affects your magic capacity (+9).
   Stlth:     It makes you more stealthy.
 Z - a +2 long sword of protection
Missiles
 c - 219 stones
 d - 89 bolts
 l - 5 javelins
 o - 15 poisoned darts
 z - 33 sling bullets
 B - 2 boomerangs (quivered)
 F - 54 arrows
 V - 7 large rocks
Armour
 J - +0 steam dragon scales
 S - a +2 robe of willpower (worn)
Jewellery
 e - a +6 ring of dexterity (left claw)
 n - a ring of flight
 I - a ring of positive energy (right claw)
 L - a ring of positive energy
 M - a ring of see invisible
 P - an amulet of guardian spirit (around neck)
Wands
 a - a wand of mindburst (4)
 g - a wand of paralysis (11)
 q - a wand of iceblast (9)
 x - a wand of flame (9)
 H - a wand of digging (8)
 T - a wand of charming (9)
Scrolls
 b - 2 scrolls of vulnerability {unknown}
 h - 2 scrolls of fear
 i - 6 scrolls of amnesia
 j - 4 scrolls of teleportation
 k - 2 scrolls of enchant armour
 p - a scroll of blinking
 u - a scroll of silence
 w - a scroll of enchant weapon {unknown}
 D - a scroll of summoning {unknown}
 U - a scroll of magic mapping {unknown}
 X - 2 scrolls of identify
Potions
 f - a potion of lignification {unknown}
 m - a potion of brilliance {unknown}
 r - a potion of ambrosia {unknown}
 t - 2 potions of heal wounds {unknown}
 C - 4 potions of curing {unknown}
 E - 2 potions of might {unknown}
 K - 2 potions of magic {unknown}
 O - a potion of attraction {unknown}
 Q - 2 potions of mutation {unknown}
 Y - 2 potions of cancellation {unknown}


   Skills:
 + Level 6.1 Fighting
 + Level 8.9 Long Blades
 + Level 4.7 Maces & Flails
 + Level 5.1 Throwing
 + Level 6.4 Dodging
 + Level 4.4 Stealth


You had 10 spell levels left.
You didn't know any spells.
Your spell library contained the following spells:

 Spells                   Type           Power      Damage    Failure   Level
 Animate Skeleton         Necr           0%         N/A       45%         1
 Apportation              Tloc           0%         N/A       45%         1
 Beastly Appendage        Tmut           0%         N/A       45%         1
 Sandblast                Erth           0%         2d4       45%         1
 Summon Small Mammal      Summ           0%         N/A       45%         1
 Ensorcelled Hibernation  Hex/Ice        0%         N/A       58%         2
 Passwall                 Tmut/Erth      0%         N/A       58%         2
 Wereblood                Tmut           0%         N/A       58%         2
 Call Canine Familiar     Summ           0%         N/A       83%         3
 Confusing Touch          Hex            0%         N/A       83%         3
 Dazzling Flash           Conj/Hex       0%         N/A       83%         3
 Gell's Gravitas          Tloc           0%         N/A       83%         3
 Ignite Poison            Fire/Tmut/Pois 0%         N/A       83%         3
 Inner Flame              Hex/Fire       0%         N/A       83%         3
 Mephitic Cloud           Conj/Pois/Air  0%         N/A       83%         3
 Ozocubu's Armour         Ice            0%         N/A       83%         3
 Portal Projectile        Hex/Tloc       0%         N/A       83%         3
 Spider Form              Tmut/Pois      0%         N/A       83%         3
 Stone Arrow              Conj/Erth      0%         3d7       83%         3
 Swiftness                Air            0%         N/A       83%         3
 Teleport Other           Tloc           0%         N/A       83%         3
 Cause Fear               Hex            0%         N/A       99%         4
 Leda's Liquefaction      Hex/Erth       0%         N/A       99%         4
 Agony                    Necr           0%         N/A       100%        5
 Freezing Cloud           Conj/Ice/Air   0%         6-21      100%        5
 Iskenderun's Battlesphe  Conj           0%         2d6       100%        5
 Metabolic Englaciation   Hex/Ice        0%         N/A       100%        5
 Silence                  Hex/Air        0%         N/A       100%        5
 Yara's Violent Unravell  Hex/Tmut       0%         3d3       100%        5
 Dispersal                Tloc           0%         N/A       100%        6
 Iron Shot                Conj/Erth      0%         9d1       100%        6
 Simulacrum               Ice/Necr       0%         N/A       100%        6
 Enfeeble                 Hex            0%         N/A       100%        7
 Spellforged Servitor     Conj/Summ      0%         N/A       100%        7
 Discord                  Hex            0%         N/A       100%        8


Dungeon Overview and Level Annotations

Branches:
Dungeon (9/15)             Temple (1/1) D:5             Orc (0/2) D:9
   Lair: D:8-11

Altars:
Cheibriados
Elyvilon
Fedhas
Gozag
Hepliaklqana
Kikubaaqudgha
Nemelex Xobeh
Okawaru
Qazlal
Ru
Sif Muna
Uskayaw
Vehumet
Wu Jian
Xom
Yredelemnul
Zin
The Shining One

Shops:
D:7 !   D:8 [


Innate Abilities, Weirdness & Mutations

Your life essence is reduced to manifest your ancestor. (-10% HP)
You are too large for most types of armour.
You have claws for hands.
Your natural rate of healing is unusually fast.
You are covered in fur. (AC +1)
You have tough skin. (AC +1)


Message History

Deactivating autopickup; reactivate with Ctrl-A.
The centaur misses you. The centaur closely misses you.
You slash the two-headed ogre!
The two-headed ogre is lightly wounded.
Zola closely misses something.
The centaur hits you but does no damage.
The centaur completely misses you. The yak gores you!
Something hits Zola.
The two-headed ogre hits you with a +0 giant club!
The two-headed ogre hits you with a +0 giant club!!
You closely miss the two-headed ogre.
The two-headed ogre is lightly wounded.
The centaur misses you. x2
Zola points at the centaur and mumbles some strange words.
The puff of frost hits something!
The yak gores you but does no damage.
Something closely misses Zola.
You slash the two-headed ogre!
The two-headed ogre is heavily wounded.
The centaur hits you but does no damage.
The centaur kicks you but does no damage.
The two-headed ogre hits you with a +0 giant club! x2
Zola hits something with a +0 quarterstaff!!
Reactivating autopickup.
You feel a bit more experienced. The centaur closely misses you.
The centaur kicks you but does no damage.
The yak gores you.
You slash the two-headed ogre!
The two-headed ogre is severely wounded.
The centaur hits you but does no damage.
The centaur kicks you but does no damage.
Zola points at the centaur and mumbles some strange words.
The puff of frost hits the centaur!
The centaur dies!
The yak gores you!
The two-headed ogre hits you with a +0 giant club!!
* * * LOW HITPOINT WARNING * * *
The two-headed ogre hits you with a +0 giant club.
* * * LOW HITPOINT WARNING * * *
Zola hits the two-headed ogre with a +0 quarterstaff!
The yak gores you!
You die...

. .....⌠.....#.......#.. #.
#.⌠.⌠.# .#....#). 8.. #.....#
...#....'.. #.#####.###
#.###....#..
...#.....#..........###
#.#.....#.............
##.....#...O))..............#
.......#.#.R.Y.#............#
#.....#.#..@..#.##.........#
#....#.###.###..#.........#
#....#..........#.........R
#....#.######...#.........#
#...........# ..#..........
#...........#####..........
#..........................
#..........................
#########...?..............


You could see the friendly Zola the battlemage, a two-headed ogre (ally target)
and a yak.

Vanquished Creatures
  An ugly thing (D:7)
  A cyclops (D:7)
  A gargoyle (D:7)
  2 fire bats (D:8)
  2 steam dragons (D:7)
  2 water moccasins
  An acid dragon (D:7)
  A sky beast (D:6)
  A black bear (D:7)
  An ogre (D:5)
  A centaur (D:7)
  3 lemures (D:9)
  4 phantoms
  A bullfrog (D:9)
  A gnoll sergeant (D:7)
  4 scorpions
  8 killer bees
  A howler monkey (D:7)
  2 electric eels (D:7)
  2 lava snakes (D:8)
  A bullfrog skeleton (D:7)
  3 hounds
  An orc priest (D:8)
  Ijyb (D:4)
  An iguana (D:5)
  3 orc wizards
  4 ogre zombies (D:9)
  A hound skeleton (D:5)
  A howler monkey zombie (D:9)
  9 gnolls
  A howler monkey skeleton (D:7)
  6 adders
  2 white imps
  An ufetubus (D:6)
  A worm (D:4)
  3 dart slugs
  29 orcs
  5 bats
  8 endoplasms
  3 giant cockroaches
  3 goblins
  3 hobgoblins
  3 jackals (D:3)
  4 kobolds
  3 quokkas
  2 ball pythons
  3 frilled lizards (D:1)
  2 goblin skeletons (D:9)
  A goblin zombie (D:9)
  A hobgoblin zombie (D:9)
  3 orc skeletons (D:9)
  3 orc zombies (D:9)
  A rat (D:2)
156 creatures vanquished.

Vanquished Creatures (collateral kills)
  A two-headed ogre (D:7)
  A skeletal warrior (D:7)
  A wizard (D:9)
  Pikel (D:9)
  A komodo dragon (D:6)
  A hornet (D:8)
  A vampire (D:9)
  A shadow (D:6)
  A wyvern (D:9)
  2 fire bats (D:8)
  Menkaure (D:7)
  3 steam dragons
  A water moccasin (D:7)
  A hell hound (D:8)
  A black bear (D:6)
  A sky beast (D:8)
  A lemure (D:9)
  2 centaurs (D:9)
  A phantom (D:6)
  A bullfrog (D:7)
  A killer bee (D:9)
  2 troll zombies (D:9)
  A howler monkey (D:7)
  A centaur zombie (D:8)
  A hound (D:6)
  A jelly (D:6)
  A gnoll shaman (D:7)
  2 orc priests
  3 iguanas
  5 orc wizards
  2 ogre zombies (D:9)
  3 gnolls
  A howler monkey skeleton (D:7)
  13 orcs
  A goblin skeleton (D:9)
  A goblin zombie (D:9)
  3 hobgoblin zombies (D:9)
  2 orc skeletons (D:9)
  8 orc zombies (D:9)
  A fire vortex (D:8)
77 creatures vanquished.

Vanquished Creatures (others)
  A battlemage (D:7)
  2 fire vortices (D:8)
  15 plants (D:7)
18 creatures vanquished.

Grand Total: 251 creatures vanquished

Notes
Turn   | Place    | Note
-------+----------+-------------------------------------------
     0 | D:1      | issech the Troll Monk began the quest for the Orb.
     0 | D:1      | Reached XP level 1. HP: 22/22 MP: 0/0
   214 | D:1      | Reached XP level 2. HP: 29/29 MP: 1/1
   970 | D:2      | Reached XP level 3. HP: 36/36 MP: 2/2
  1407 | D:2      | Found a faded altar of an unknown god.
  1644 | D:3      | You fall into a shaft and drop 1 floor!
  1684 | D:4      | Reached XP level 4. HP: 42/44 MP: 3/3
  1744 | D:3      | Noticed Ijyb
  1760 | D:4      | Killed Ijyb
  1787 | D:4      | Noticed a scorpion
  2071 | D:4      | Killed a scorpion
  2072 | D:4      | Reached XP level 5. HP: 40/53 MP: 4/4
  2128 | D:4      | Reached skill level 1 in Throwing
  2383 | D:4      | Identified the +9 falchion "Otuj" {elec, rF+ MP+9}
  3446 | D:5      | Entered Level 5 of the Dungeon
  3588 | D:5      | Noticed an ogre
  3593 | D:5      | Killed an ogre
  3594 | D:5      | Reached XP level 6. HP: 35/61 MP: 5/5
  3694 | D:5      | Reached skill level 1 in Long Blades
  3925 | D:5      | Reached skill level 2 in Long Blades
  3925 | D:5      | Reached XP level 7. HP: 47/67 MP: 6/6
  4119 | D:5      | Found a staircase to the Ecumenical Temple.
  4129 | Temple   | Entered the Ecumenical Temple
  4137 | Temple   | Became a worshipper of Hepliaklqana the Forgotten
  4137 | Temple   | Reached * piety under Hepliaklqana
  4137 | Temple   | Reached ** piety under Hepliaklqana
  4138 | Temple   | Remembered your ancestor Zola as a battlemage
  4471 | D:6      | Noticed a steam dragon
  4475 | D:6      | Reached skill level 3 in Long Blades
  4477 | D:6      | Killed a steam dragon
  4488 | D:6      | Noticed a shadow
  4492 | D:6      | Killed a shadow
  4493 | D:6      | Reached XP level 8. HP: 58/70 MP: 7/7
  4508 | D:6      | Noticed a komodo dragon
  4518 | D:6      | Killed a komodo dragon
  4519 | D:6      | Reached skill level 4 in Long Blades
  4693 | D:6      | Found an ornate altar of the Wu Jian Council.
  4779 | D:6      | Found a snail-covered altar of Cheibriados.
  4892 | D:6      | Reached skill level 5 in Long Blades
  5164 | D:7      | Reached XP level 9. HP: 64/75 MP: 8/8
  5215 | D:7      | Noticed a gargoyle
  5268 | D:7      | Found a hide-covered altar of Uskayaw.
  5350 | D:7      | Found Teuniar's Distillery.
  5387 | D:7      | Noticed a two-headed ogre
  5394 | D:7      | Killed a two-headed ogre
  5395 | D:7      | Reached skill level 6 in Long Blades
  5532 | D:7      | Noticed a cyclops
  5548 | D:7      | Killed a cyclops
  5549 | D:7      | Reached skill level 5 in Dodging
  5606 | D:7      | Identified the +1 falchion of Zitian {vorpal, rN++ MP+9
                  | Stlth+}
  5755 | D:7      | Noticed Menkaure
  5759 | D:7      | Killed Menkaure
  5951 | D:7      | Noticed a cyan ugly thing
  6074 | D:7      | Killed a cyan ugly thing
  6075 | D:7      | Reached skill level 5 in Fighting
  6075 | D:7      | Reached skill level 7 in Long Blades
  6075 | D:7      | Reached XP level 10. HP: 73/86 MP: 9/9
  6107 | D:7      | Noticed a skeletal warrior
  6113 | D:7      | Killed a skeletal warrior
  6330 | D:7      | Reached *** piety under Hepliaklqana
  6401 | D:7      | Killed a gargoyle
  7059 | D:8      | Found a shimmering blue altar of Sif Muna.
  7194 | D:8      | Found Winluh's Antique Armour Shop.
  7645 | D:8      | Reached skill level 8 in Long Blades
  7774 | D:8      | Reached skill level 5 in Throwing
  7899 | D:9      | Found a staircase to the Orcish Mines.
  8132 | D:9      | Noticed Pikel
  8143 | D:9      | Killed Pikel
  8144 | D:9      | Reached XP level 11. HP: 89/94 MP: 10/10
  8234 | D:9      | Reached **** piety under Hepliaklqana
  8557 | D:9      | Noticed a wizard
  8569 | D:9      | Noticed a two-headed ogre
  8576 | D:9      | Killed a wizard
  8577 | D:9      | HP: 4/94 [two-headed ogre/+0 giant club (4)]
  8578 | D:9      | Mangled by a yak

Illustrated notes

Levels and vault maps discovered:
D:1:      ncdulo_wetmaze, layout_loops_cross
D:2:      layout_basic, hellmonk_ecumenical_altar_leap_of_faith
D:3:      layout_loops_corners, uniq_ijyb
D:4:      layout_cave_pools, serial_glass, glass_columns_a, glass_columns_a,
          glass_columns_a, glass_columns_b, glass_columns_a, glass_columns_c
D:5:      layout_gridville, minmay_temple_entry_enclosed_plants
D:6:      layout_rooms, lemuel_doored_altar, kennysheep_little_box,
          minmay_starry_boxes
D:7:      nzn_winding_woodlands_cross [nzn_winding_woodlands_5x15_lazy_stream,
          nzn_winding_woodlands_5x15_pathside_ponds,
          nzn_winding_woodlands_5x15_eye, nzn_winding_woodlands_5x15_pockets,
          nzn_winding_woodlands_15x15_eel_pit], layout_basic,
          overflow_temple_1_default, serial_shops, shop, wad_mini_maze,
          uniq_menkaure
D:8:      layout_basic, nicolae_sif_muna_condensation, serial_shops, shop,
          kennysheep_crisscross, hangedman_incinerator
D:9:      layout_irregular_city, demons_altar, zombieorc2_lemuel, minivault_1,
          minmay_chambers_of_fives, uniq_pikel
Temple:   eino_narrow_crystal_temple

Skill      XL: |  1  2  3  4  5  6  7  8  9 10 |
---------------+-------------------------------+-----
Maces & Flails | 3 4 |  4.7
Dodging        | 3 4 5 6 |  6.4
Fighting       | 3 4 5 6 |  6.1
Throwing       | 1 2 3 4 5 |  5.1
Long Blades    | 2 3 5 7 8 |  8.9
Stealth        | 2 3 4 |  4.4

Action                   |  1- 3 |  4- 6 |  7- 9 | 10-12 || total
-------------------------+-------+-------+-------+-------++-------
Melee: Mace              |    22 |       |       |       ||    22
       Flail             |    60 |    39 |       |       ||    99
       Punch             |       |     1 |       |     3 ||     4
       Falchion          |       |    48 |   100 |   150 ||   298
Throw: Large rock        |     8 |    17 |    16 |       ||    41
       Stone             |     5 |       |    14 |       ||    19
       Boomerang         |       |       |       |    17 ||    17
Invok: Ancestor Life: Ba |       |       |     1 |       ||     1
  Use: Scroll            |       |       |       |     9 ||     9
 Stab: Sleeping          |     3 |     3 |     5 |     4 ||    15
       Distracted        |       |       |     2 |     2 ||     4
Armor: Robe              |    21 |     9 |    13 |    12 ||    55
       Steam dragon scal |       |       |    12 |    62 ||    74
Dodge: Dodged            |    66 |    52 |    69 |   160 ||   347
